 Dungeon Crawl Stone Soup version 0.27-a0-328-g7f782ed93a (webtiles) character file.

Game seed: 8089086901099460078

25 skwiii the Skirmisher (level 2, 0/24 HPs)
             Began as a Demonspawn Berserker on Feb 12, 2021.
             Was a Believer of Trog.
             Succumbed to a kobold's poison
             ... on level 2 of the Dungeon.
             The game lasted 00:03:22 (1738 turns).

skwiii the Skirmisher (Demonspawn Berserker)        Turns: 1738, Time: 00:03:22

Health: 0/24       AC:  6    Str: 17    XL:     2   Next: 86%
Magic:  2/2        EV: 11    Int:  8    God:    Trog [**....]
Gold:   41         SH:  0    Dex: 12    Spells: 1/1 levels left

rFire    . . .     SeeInvis .   a - +0 hand axe
rCold    . . .     Faith    .   (no shield)
rNeg     . . .     Spirit   .   k - +1 ring mail
rPois    .         Reflect  .   (no helmet)
rElec    .         Harm     .   (no cloak)
rCorr    .         Rampage  .   (no gloves)
Will     .....                  (no boots)
Stlth    +.........             (no amulet)
HPRegen  0.08/turn              (no ring)
MPRegen  0.08/turn              (no ring)

@: lethally poisoned (0 -> -3)
A: demonic magic 1
a: Renounce Religion, Berserk, Trog's Hand


You were on level 2 of the Dungeon.
You worshipped Trog.
Trog was pleased with you.
You visited 1 branch of the dungeon, and saw 2 of its levels.

You collected 41 gold pieces.

Inventory:

Hand Weapons
 a - a +0 hand axe (weapon)
Missiles
 m - 11 stones
Armour
 b - a +0 animal skin
 k - a +1 ring mail (worn)
 n - a +0 scale mail
Scrolls
 d - 2 scrolls of fog {unknown}
 e - a scroll of teleportation {unknown}
 g - a scroll of enchant armour
 h - 2 scrolls of magic mapping {unknown}
 i - a scroll of noise
 j - a scroll of identify
 l - a scroll of immolation {unknown}
Potions
 c - 3 potions of mutation {unknown}
 f - a potion of heal wounds {unknown}
 o - a potion of curing {unknown}


   Skills:
 + Level 3.4 Fighting
 * Level 3.1 Axes
 + Level 2.0 Armour
 - Level 2.0 Dodging
 - Level 0.2 Stealth


You had one spell level left.
You didn't know any spells.
Your spell library was empty.

Dungeon Overview and Level Annotations

Branches:
Dungeon (2/15)

Altars:


Innate Abilities, Weirdness & Mutations

Spells you cast may paralyse adjacent enemies.


Message History

You feel sick. The kobold hits you but does no damage.
A worm comes into view.
You barely miss the kobold.
You feel sick.
A gnoll comes into view. It is wielding a +0 club.
The kobold hits you but does no damage.
The gnoll shouts!
You hit the kobold.
The kobold is heavily wounded.
You hear a shout!
A scorpion comes into view.
The kobold hits you.
You closely miss the kobold.
The kobold is heavily wounded.
You feel sick. The kobold closely misses you.
You closely miss the kobold.
The kobold is heavily wounded.
The kobold misses you.
You hit the kobold.
You kill the kobold!
Trog accepts your kill.
You feel sick.
A gnoll comes into view.
The gnoll shouts!
The worm bites you!
Things that are here:
23 poisoned darts; a kobold corpse You hit the worm.
The worm is moderately wounded.
You hit the gnoll but do no damage.
You feel sick. The gnoll hits you with a +0 club.
* * * LOW HITPOINT WARNING * * *
A quokka comes into view.
You feel sick. The quokka bites you.
* * * LOW HITPOINT WARNING * * *
* * * LOW HITPOINT WARNING * * *
You feel sick. The quokka bites you.
* * * LOW HITPOINT WARNING * * *
There is a stone staircase leading up here.
You die...

#........# #.#
##.......##..#
....##..###..# ###
##.###.#####
########..........#
.......#..........##
#.(.g..w......#####
###................
#...sgr.r@.####
#>.........#
#..........####
#....(.....##.#
#.........÷..)##
#..........#.†.+
########......##
...###### ..####


You could see a worm, a scorpion, 2 gnolls, a quokka and a rat.

Vanquished Creatures
  2 leopard geckos
  2 ball pythons (D:1)
  A giant cockroach (D:2)
  2 goblins
  6 hobgoblins
  A quokka (D:2)
  2 bats (D:1)
  2 frilled lizards (D:1)
  3 kobolds
  A rat (D:2)
22 creatures vanquished.

Notes
Turn   | Place    | Note
-------+----------+-------------------------------------------
     0 | D:1      | skwiii the Demonspawn Berserker began the quest for the
                  | Orb.
     0 | D:1      | Reached XP level 1. HP: 18/18 MP: 1/1
   741 | D:1      | Gained mutation: Spells you cast may paralyse adjacent
                  | enemies. [demonic ancestry]
   741 | D:1      | Reached XP level 2. HP: 14/24 MP: 2/2
  1551 | D:2      | Reached ** piety under Trog
  1723 | D:2      | Noticed a scorpion
  1734 | D:2      | HP: 1/24 [quokka (1)]
  1738 | D:2      | Succumbed to a kobold's poison

Illustrated notes

Levels and vault maps discovered:
D:1:      ebering_trefoil_twist, layout_loops_ring
D:2:      layout_rooms, ashenzari_conservatory_becter, serial_glass,
          glass_columns_b, glass_columns_a, glass_columns_b, glass_columns_b,
          glass_columns_a, glass_columns_b, hangedman_decor_growths

Skill      XL: |  1  2 |
---------------+-------+-----
Dodging        | 2 |  2.0
Axes           | 3 |  3.1
Armour         | 2 |  2.0
Fighting       | |  3.4
Stealth        | |  0.2

Action                   || total
-------------------------++-------
Melee: Hand axe          ||    70
Invok: Berserk           ||     1
  Use: Scroll            ||     3
Armor: Animal skin       ||    13
       Ring mail         ||     5
Dodge: Dodged            ||    52

Table legend: (Time is in decaauts)
 A = Elapsed time spent in this place.
 B = Non-inter-level travel time spent in this place.
 C = Inter-level travel time spent in this place.
 D = Time resting spent in this place.
 E = Time spent auto-exploring this place.
 F = Levels seen in this place.
 G = Mean time per level.
                   A        B        C        D        E       F      G
               +--------+--------+--------+--------+--------+-----+--------+
         Total |   1759 |   1733 |     26 |    778 |    660 |   2 |  879.5 |
       Dungeon |   1759 |   1733 |     26 |    778 |    660 |   2 |  879.5 |
               +--------+--------+--------+--------+--------+-----+--------+

Top non-repeatable levels by time:
     D:1: 1619 daAuts
     D:2: 139 daAuts
